 Dungeon Crawl Stone Soup version 0.28-a0-969-g2dcde036d2 (webtiles) character file.

Game seed: 4672014419219339889

392 GregHouse the Cutter (level 6, 0/39 HPs)
             Began as an Octopode Transmuter on Nov 30, 2021.
             Slain by Pikel (9 damage)
             ... on level 4 of the Dungeon on Dec 1, 2021.
             The game lasted 00:58:26 (5273 turns).

GregHouse the Cutter (Octopode Transmuter)          Turns: 5273, Time: 00:58:27

Health: 0/39       AC:  2    Str: 10    XL:     6   Next: 80%
Magic:  9/9        EV: 13    Int: 15    God:
Gold:   194        SH:  0    Dex: 13    Spells: 2/10 levels left

rFire   . . .      SeeInvis +   d - +2 dagger (venom)
rCold   . . .      Faith    .   (no shield)
rNeg    . . .      Spirit   .   l - +1 hat of Resilience {-Tele +Inv rPois SInv}
rPois   +          Reflect  .   (no amulet)
rElec   .          Harm     .   (no ring)
rCorr   .          Rampage  .   (no ring)
Will    .....      NoTele   +   (no ring)
Stlth   +++.......              (no ring)
HPRegen 0.13/turn               (no ring)
MPRegen 0.11/turn               (no ring)
                                (no ring)
                                (no ring)

@: no status effects
A: almost no armour, amphibious, 8 rings, camouflage 1, gelatinous body 1,
(nimble swimmer 1), tentacles
a: Evoke Invisibility


You were on level 4 of the Dungeon.
You visited 1 branch of the dungeon, and saw 5 of its levels.

You collected 194 gold pieces.

Inventory:

Hand Weapons
 d - a +2 dagger of venom (weapon)
 e - a +0 hunting sling
 s - a +2 trident of protection
Missiles
 f - 163 stones (quivered)
 k - 8 arrows
 o - 21 bolts
Armour
 b - a +0 robe
 l - the +1 hat of Resilience (worn) {-Tele +Inv rPois SInv}
   (You acquired it on level 4 of the Dungeon)

   rPois:     It protects you from poison.
   SInv:      It lets you see invisible.
   +Inv:      It lets you turn invisible.
   -Tele:     It prevents most forms of teleportation.
Magical Staves
 i - a staff of conjuration
Jewellery
 n - an amulet of guardian spirit
Wands
 g - a wand of polymorph (9)
 r - a wand of flame (23)
Scrolls
 j - 2 scrolls of teleportation
 m - a scroll of enchant armour {unknown}
 q - a scroll of noise {unknown}
Potions
 a - a potion of degeneration {unknown}
 c - 2 potions of curing
 h - 4 potions of attraction


   Skills:
 + Level 1.9 Fighting
 * Level 3.6 Short Blades
 + Level 3.0 Dodging
 - Level 2.0 Stealth
 + Level 3.1 Unarmed Combat
 + Level 2.5 Spellcasting
 * Level 3.4 Transmutations
 * Level 1.2 Ice Magic
 - Level 2.0 Poison Magic


You had 2 spell levels left.
You knew the following spells:

 Your Spells              Type           Power      Damage    Failure   Level
a - Beastly Appendage     Tmut           24%        N/A       5%          1
b - Spider Form           Tmut/Pois      9%         N/A       22%         3
c - Ice Form              Ice/Tmut       8%         N/A       63%         4

Your spell library contained the following spells:

 Spells                   Type           Power      Damage    Failure   Level
 Wereblood                Tmut           12%        N/A       8%          2
 Summon Small Mammal      Summ           4%         N/A       22%         1
 Call Canine Familiar     Summ           1%         N/A       54%         3
 Summon Guardian Golem    Hex/Summ       1%         N/A       54%         3
 Tukima's Dance           Hex            1%         N/A       54%         3
 Passage of Golubria      Tloc           1%         N/A       91%         4
 Yara's Violent Unravell  Hex/Tmut       3%         3d4       96%         5


Dungeon Overview and Level Annotations

Branches:
Dungeon (5/15)
 Temple: D:4-7

Altars:
Qazlal
Uskayaw

Annotations:
D:4 1 runed translucent door, Crazy Yiuf, Pikel


Innate Abilities, Weirdness & Mutations

You cannot wear most types of armour.
You are amphibious.
You can wear up to eight rings at the same time.
Your skin changes colour to match your surroundings (Stealth+).
Your rubbery body absorbs attacks. (AC +1, EV +1)
((You are camouflaged near water. (Stealth+)))
You have tentacles for arms and can constrict up to eight enemies at once.


Message History

The lemure is lightly wounded.
The lemure closely misses you. The lemure misses you.
You hit the lemure. You grab the lemure. You squeeze the lemure.
The lemure is heavily wounded.
You constrict the lemure, but do no damage.
The lemure barely misses you.
You completely miss the lemure.
The lemure is severely wounded.
You constrict the lemure, but do no damage.
The lemure hits you. x2
You hit the lemure but do no damage.
The lemure looks as sick as possible!
The lemure is severely wounded.
You constrict the lemure. The lemure hits you but does no damage.
You hit the lemure.
You kill the lemure!
That felt strangely unrewarding.
The lemure hits you.
You hit the lemure but do no damage. Your grab misses the lemure.
The lemure hits you!
Pikel shouts!
You hit the lemure but do no damage.
The lemure is poisoned.
You grab the lemure. You squeeze the lemure!
The lemure is moderately wounded.
You constrict the lemure. The lemure barely misses you.
You hit the lemure.
The lemure looks as sick as possible!
The lemure is heavily wounded.
You constrict the lemure, but do no damage.
The lemure hits you!
* * * LOW HITPOINT WARNING * * *
You hit the lemure.
The lemure looks as sick as possible!
The lemure is severely wounded.
You constrict the lemure. The lemure hits you.
* * * LOW HITPOINT WARNING * * *
You hit the lemure but do no damage.
The lemure is almost dead.
You constrict the lemure.
You kill the lemure!
That felt strangely unrewarding.
Pikel waves his whip at you.
Pikel hits you with a +2 whip of freezing!
You die...

#.....##.#..#
##†......#..#
##....#......#
#.....####.... ###....#
##... ####......#..##..>
### #...##............
#.## ##..............##.
##..# #.@#........###.###
#...###K##.........#...##
#....##..##.............#
#.........####....##.##..
##....#....##......#...#.
###.#.....#..#.......K..
####.##....#..##.##.##
##...........#####).#
##...............##..#


You could see Pikel.

Vanquished Creatures
  A necrophage (D:2)
  4 lemures (D:4)
  Blork the orc (D:4)
  A scorpion (D:4)
  A hound (D:4)
  A jelly (D:3)
  A hound skeleton (D:4)
  An adder (D:2)
  An ufetubus (D:4)
  5 worms
  A dart slug (D:2)
  5 endoplasms
  9 giant cockroaches
  7 goblins
  10 hobgoblins
  8 kobolds
  4 quokkas
  8 ball pythons
  5 bats
  6 frilled lizards
  4 rats
84 creatures vanquished.

Notes
Turn   | Place    | Note
-------+----------+-------------------------------------------
     0 | D:1      | GregHouse the Octopode Transmuter began the quest for the
                  | Orb.
     0 | D:1      | Reached XP level 1. HP: 13/13 MP: 3/3
   654 | D:1      | Reached XP level 2. HP: 18/18 MP: 5/5
  1097 | D:1      | Found a faded altar of an unknown god.
  1155 | D:1      | Reached XP level 3. HP: 13/23 MP: 6/6
  1345 | D:1      | Reached skill level 1 in Short Blades
  1562 | D:1      | Reached skill level 1 in Stealth
  1610 | D:1      | Upgraded the game from 0.28-a0-948-gee6e0bcda6 to
                  | 0.28-a0-969-g2dcde036d2
  1616 | D:1      | Learned a level 3 spell: Spider Form
  2395 | D:2      | Reached XP level 4. HP: 28/28 MP: 7/7
  2481 | D:2      | Noticed a necrophage
  2499 | D:2      | Killed a necrophage
  2500 | D:2      | Reached skill level 1 in Poison Magic
  2500 | D:2      | Reached XP level 5. HP: 8/33 MP: 8/8
  2829 | D:3      | Found a stormy altar of Qazlal.
  3662 | D:4      | Noticed Blork the orc
  3673 | D:3      | Found a hide-covered altar of Uskayaw.
  3790 | D:3      | Learned a level 4 spell: Ice Form
  3815 | D:4      | Killed Blork the orc
  3816 | D:4      | Reached XP level 6. HP: 9/38 MP: 7/9
  4199 | D:4      | Identified a scroll of acquirement
  4199 | D:4      | Acquired the +1 hat of Resilience {-Tele +Inv rPois SInv}
  4347 | D:5      | Entered Level 5 of the Dungeon
  4587 | D:4      | Reached skill level 1 in Ice Magic
  4926 | D:4      | Found a runed translucent door.
  4927 | D:4      | Noticed Crazy Yiuf
  4972 | D:4      | Noticed Pikel
  5273 | D:4      | Slain by Pikel

Illustrated notes

Levels and vault maps discovered:
D:1:      mrwooster_arrival_statue, layout_loops_ring, basic_ecumenical_altar,
          minmay_misc_feat_encased, grunt_decor_junction, nicolae_wormholes
D:2:      layout_rooms
D:3:      layout_basic, lemuel_tele_altar, mainiacjoe_overflow_alcove_1
D:4:      layout_cave_pools, uniq_crazy_yiuf_cottage, uniq_pikel,
          uniq_blork_the_orc
D:5:      nicolae_cairo_tiling_large, layout_rooms,
          nicolae_overflow_hidden_temple, temple_hall, serial_shops, shop,
          nicolae_wooded_promenade, minmay_misc_feat_rugged,
          kennysheep_generic_room_16

Skill      XL: |  1  2  3  4  5  6 |
---------------+-------------------+-----
Short Blades   | 1 2 3 |  3.6
Stealth        | 1 2 |  2.0
Poison Magic   | 1 2 |  2.0
Transmutations | 3 |  3.4
Ice Magic      | 1 |  1.2
Dodging        | 3 |  3.0
Fighting       | |  1.9
Unarmed Combat | |  3.1
Spellcasting   | |  2.5

Action                   |  1- 3 |  4- 6 || total
-------------------------+-------+-------++-------
Melee: Dagger            |    72 |   128 ||   200
       Unarmed           |     8 |       ||     8
       Constrict         |    25 |    25 ||    50
       Kick              |     1 |     7 ||     8
       Punch             |     1 |     1 ||     2
       Tentacles         |    14 |    28 ||    42
 Cast: Beastly Appendage |     4 |     3 ||     7
  Use: Scroll            |       |     5 ||     5
 Stab: Sleeping          |     9 |     5 ||    14
Armor: Skin              |     6 |     9 ||    15
Dodge: Dodged            |    44 |    51 ||    95

Table legend: (Time is in decaauts)
 A = Elapsed time spent in this place.
 B = Non-inter-level travel time spent in this place.
 C = Inter-level travel time spent in this place.
 D = Time resting spent in this place.
 E = Time spent auto-exploring this place.
 F = Levels seen in this place.
 G = Mean time per level.
                   A        B        C        D        E       F      G
               +--------+--------+--------+--------+--------+-----+--------+
         Total |   5263 |   5110 |    153 |   1965 |   1237 |   5 | 1052.6 |
       Dungeon |   5263 |   5110 |    153 |   1965 |   1237 |   5 | 1052.6 |
               +--------+--------+--------+--------+--------+-----+--------+

Top non-repeatable levels by time:
     D:1: 1807 daAuts
     D:4: 1453 daAuts
     D:2: 1202 daAuts
     D:3: 799 daAuts
     D:5: 1 daAuts
